 Dungeon Crawl Stone Soup version 0.19-a0-593-gf2cdb02 (webtiles) character file.

127 Heskey the Skirmisher (level 5, -13/34 HPs)
             Began as a Gargoyle Fighter on June 9, 2016.
             Was an Initiate of Makhleb.
             Killed by divine providence
             ... invoked by an orc priest
              (15 damage)
             ... on level 4 of the Dungeon on June 10, 2016.
             The game lasted 00:03:36 (2135 turns).

Heskey the Skirmisher (Gargoyle Fighter)            Turns: 2135, Time: 00:03:36

Health: -13/34     AC: 12    Str: 20    XL:     5   Next: 11%
Magic:  5/5        EV:  7    Int:  9    God:    Makhleb [......]
Gold:   62         SH:  9    Dex:  9    Spells: 0 memorised, 4 levels left

rFire  . . .     SeeInvis .     m - +1 whip (flame)
rCold  . . .     Gourm    .     b - +0 scale mail
rNeg   + . .     Faith    .     c - +0 shield
rPois  ∞         Spirit   .     q - +0 helmet
rElec  +         Dismiss  .     (no cloak)
rCorr  .         Reflect  .     (no gloves)
SustAt .         Harm     .     (no boots)
MR     .....                    (no amulet)
Stlth  ..........               (no ring)
                                (no ring)

@: slowed, very slow, not resistant to hostile enchantments, extremely
unstealthy
A: negative energy resistance 1, electricity resistance, unbreathing,
petrification resistance, rot immunity, AC +4
a: Renounce Religion


You were on level 4 of the Dungeon.
You worshipped Makhleb.
Makhleb was noncommittal.
You were hungry.

You visited 1 branch of the dungeon, and saw 3 of its levels.

You collected 62 gold pieces.

Inventory:

Hand Weapons
 a - a +0 flail
 m - a +1 whip of flaming (weapon)
Armour
 b - a +0 scale mail (worn)
 c - a +0 shield (worn)
 q - a +0 helmet (worn)
Scrolls
 e - 4 scrolls of identify
 i - 2 scrolls of enchant weapon {unknown}
 k - 2 scrolls of blinking {unknown}
 p - 2 scrolls of remove curse {unknown}
Potions
 d - 3 potions of might
 h - 2 potions of heal wounds {unknown}
 j - a potion of flight {unknown}
 l - a potion of curing {unknown}
Comestibles
 f - 3 bread rations
 g - a slice of pizza
 n - a fruit


   Skills:
 * Level 4.8 Fighting
 + Level 3.1 Maces & Flails
 + Level 4.2 Armour
 - Level 3.2 Shields


You had 4 spell levels left.
You didn't know any spells.

Dungeon Overview and Level Annotations

Branches:
Dungeon (2/15)

Altars:
Makhleb
Sif Muna
Vehumet
The Shining One


Innate Abilities, Weirdness & Mutations

You are resistant to torment.
Your stone body is resilient. (AC +4)
You are immune to poison.
You resist negative energy. (rN+)
You are resistant to electric shocks. (rElec)
You can survive without breathing.
You are immune to petrification.
You are immune to rotting.


Message History

The orc wizard mumbles some strange words.
The orc wizard blinks!
The centaur skeleton hits you.
* * * LOW HITPOINT WARNING * * *
The orc priest invokes the aid of Beogh against you.
Beogh smites you!
* * * LOW HITPOINT WARNING * * *
The orc wizard gestures wildly while chanting.
The orc wizard blinks!
You are feeling hungry.
The orc wizard hits you but does no damage.
The orc wizard casts a spell at you.
You feel yourself slow down.
The orc wizard casts a spell.
The orc wizard blinks!
The orc wizard casts a spell.
The orc wizard blinks!
The orc priest calls down the wrath of Beogh upon you.
Beogh smites you!
You die...

#$#
###########.######
#.o.Zo.§..........
#o################
#.# #. #Z#
######.#### #.#
#......#... #Z#
..........# #@#
........... #.#
......#.... ..#
..........# .###
..o........ +.
o"...#..... # .#o
#...o. #....#
#....# #....#


You could see an orc priest, an orc wizard, an adder skeleton and a centaur
skeleton.

Vanquished Creatures
  A worker ant (D:4)
  3 adders
  An ooze (D:2)
  2 adder zombies (D:2)
  4 dart slugs
  A giant gecko (D:1)
  6 bats (D:1)
  A giant cockroach (D:1)
  9 goblins
  6 hobgoblins
  8 jackals
  3 kobolds (D:1)
  A giant gecko skeleton (D:4)
  3 giant newts (D:1)
  3 rats
52 creatures vanquished.

Notes
Turn   | Place    | Note
--------------------------------------------------------------
     0 | D:1      | Heskey the Gargoyle Fighter began the quest for the Orb.
     0 | D:1      | Reached XP level 1. HP: 14/14 MP: 1/1
    76 | D:1      | Reached XP level 2. HP: 15/19 MP: 2/2
   454 | D:1      | Reached XP level 3. HP: 10/24 MP: 3/3
  1217 | D:2      | Reached XP level 4. HP: 28/29 MP: 4/4
  1495 | D:2      | Found a glowing golden altar of the Shining One.
  1561 | D:2      | Upgraded the game from 0.19-a0-585-ge40200b to 0.19-a0-593-gf2cdb02
  1825 | D:2      | You fall through a shaft for 2 floors!
  1921 | D:4      | Found a burning altar of Makhleb.
  1922 | D:4      | Found a radiant altar of Vehumet.
  1922 | D:4      | Found a deep blue altar of Sif Muna.
  1932 | D:4      | Became a worshipper of Makhleb the Destroyer
  1993 | D:4      | Reached XP level 5. HP: 34/34 MP: 5/5
  2135 | D:4      | Killed from afar by an orc priest

Vault maps used:
D:1:      eino_arrival_water_star
D:2:      tso_oasis_becter, serial_undead, serial_undead_e, serial_undead_c,
          serial_undead_a, serial_undead_c, serial_undead_a
D:4:      gammafunk_temple_overflow_forgotten

Skill      XL: |  1  2  3  4 |
---------------+-------------+-----
Fighting       | 4 |  4.8
Armour         | 4 |  4.2
Maces & Flails | 3 |  3.1
Shields        | |  3.2

Action                   |  1- 3 |  4- 6 || total
-------------------------+-------+-------++-------
Melee: Flail             |   176 |    33 ||   209
       Whip              |       |    52 ||    52
  Use: Scroll            |       |     1 ||     1
  Eat: Chunk             |     1 |     3 ||     4
Armor: Scale mail        |   131 |    46 ||   177
Dodge: Dodged            |    69 |    24 ||    93
Block: Shield            |   128 |    49 ||   177
